 Dungeon Crawl Stone Soup version 0.28-a0-863-g8cecda6153 (webtiles) character file.

Game seed: 7897475113626620771

51 sanka the Chopper (level 3, -7/31 HPs)
             Began as a Palentonga Abyssal Knight on Nov 16, 2021.
             Was a Believer of Lugonu.
             Mangled by a worm (9 damage)
             ... on level 2 of the Dungeon.
             The game lasted 00:03:32 (1207 turns).

sanka the Chopper (Palentonga Abyssal Knight)       Turns: 1207, Time: 00:03:33

Health: -7/31      AC:  5    Str: 17    XL:     3   Next: 57%
Magic:  4/5        EV:  9    Int: 10    God:    Lugonu [**....]
Gold:   23         SH:  0    Dex: 10    Spells: 2/2 levels left

rFire   . . .      SeeInvis +   a - +0 war axe
rCold   . . .      Faith    .   (no shield)
rNeg    . . .      Spirit   .   b - +0 leather armour
rPois   .          Reflect  .   g - +0 helmet
rElec   .          Harm     .   (no cloak)
rCorr   .          Rampage  .   (no gloves)
Will    .....                   (no barding)
Stlth   +.........              (no amulet)
HPRegen 0.10/turn               (no ring)
MPRegen 0.09/turn               (no ring)

@: no status effects
A: large, rugged brown scales 3, see invisible, deformed body, roll 1, armoured
tail
a: Rolling Charge, Renounce Religion, Depart the Abyss, Bend Space


You were on level 2 of the Dungeon.
You worshipped Lugonu.
Lugonu was pleased with you.
You visited 1 branch of the dungeon, and saw 2 of its levels.
You visited the Abyss 1 time.

You collected 56 gold pieces.
You spent 33 gold pieces at shops.


Innate Abilities, Weirdness & Mutations

You are completely covered in rugged brown scales. (AC +3, +7% HP)
You have supernaturally acute eyesight. (SInv)
Armour fits poorly on your strangely shaped body.
You can roll at nearby foes to attack.
You have a long armoured tail.


   Skills:
 - Level 3.0 Fighting
 - Level 3.6 Axes
 - Level 1.5 Armour
 - Level 0.7 Dodging
 + Level 2.7 Invocations


You had 2 spell levels left.
You didn't know any spells.
Your spell library was empty.

Inventory:

Hand Weapons
 a - a +0 war axe (weapon)
 c - a +1 hand axe
Armour
 b - a +0 leather armour (worn)
 g - a +0 helmet (worn)
Scrolls
 f - a scroll of teleportation {unknown}
 h - a scroll of identify {unknown}
Potions
 d - a potion of haste {unknown}
 e - a potion of curing {@q1}

Dungeon Overview and Level Annotations

Branches:
Dungeon (2/15)

Altars:

Shops:
D:1

?!( ▒.▒ ..▒
▒.▒ ▒.▒ ▒.▒
▒.▒ ▒w▒
▒H▒▒▒▒▒▒▒▒▒▒▒
▒...........▒
▒▒▒▒▒...▒▒▒.▒
▒...▒ ▒...▒
▒...▒ ▒...▒
▒...▒ .....


You could see a worm.


Message History

You are more poisoned.
The adder poisons you! The adder bites you but does no damage.
You closely miss the adder.
Your tail-slap misses the adder.
The adder is almost dead.
* * * LOW HITPOINT WARNING * * *
You feel very sick. The adder bites you but does no damage.
Unknown command.
You slash the adder!
You kill the adder!
Lugonu accepts your kill.
* * * LOW HITPOINT WARNING * * *
You feel sick.
Unknown command.
No target in view!
Unknown command.
Unknown command.
You start resting.
You feel sick.
You feel sick.
You feel sick.
You feel sick.
You feel sick.
You are no longer poisoned.
Unknown command.
A worm comes into view.
The worm bites you!
You die...

Action                   || total
-------------------------++-------
Melee: Hand axe          ||     8
       War axe           ||    68
       Tailslap          ||     6
Armor: Leather armour    ||    35
Dodge: Dodged            ||    36

Levels and vault maps discovered:
D:1:      giann_bridges, layout_basic, shapermc_ecumenical_altar_mp_ritualfount,
          serial_shops, shop, shop, nicolae_lakefront_shop,
          chequers_serial_rivers_micro_d
D:2:      layout_basic, serial_shops, nicolae_shop_behind_doors,
          serial_corexii_hall, corexii_hall_statues_x,
          chequers_hall_statues_corner_a, basic_altar, st_stairs_1,
          kennysheep_generic_room_13

Notes
Turn   | Place    | Note
-------+----------+-------------------------------------------
     0 | Abyss:1  | sanka the Palentonga Abyssal Knight began the quest for the
                  | Orb.
     0 | Abyss:1  | Reached XP level 1. HP: 19/19 MP: 2/2
     0 | Abyss:1  | Found a corrupted altar of Lugonu.
    30 | D:1      | Escaped the Abyss
   191 | D:1      | Reached XP level 2. HP: 25/25 MP: 3/3
   235 | D:1      | Found Rutue's Distillery.
   261 | D:1      | Reached skill level 3 in Axes
   403 | D:1      | Found Soxaogumm's Magic Scroll Shop.
   422 | D:1      | Bought a potion of curing for 33 gold pieces
   590 | D:1      | Reached ** piety under Lugonu
   677 | D:1      | Reached XP level 3. HP: 18/31 MP: 4/4
   880 | D:1      | Found Boll's Weapon Boutique.
   963 | D:1      | Found a faded altar of an unknown god.
  1199 | D:2      | HP: 3/31 [poisoned by an adder]
  1207 | D:2      | Mangled by a worm

Vanquished Creatures
  A gnoll (D:1)
  An adder (D:2)
  2 dart slugs (D:1)
  An endoplasm (D:1)
  A giant cockroach (D:2)
  4 goblins
  5 hobgoblins
  2 quokkas (D:1)
  2 ball pythons
  3 bats
  2 frilled lizards
  2 kobolds (D:1)
  2 rats (D:1)
28 creatures vanquished.

Vanquished Creatures (others)
  2 plants (D:1)
2 creatures vanquished.

Grand Total: 30 creatures vanquished
